 Dungeon Crawl Stone Soup version 0.30-a0-782-ge64f9170bb (webtiles) character file.

Game seed: 6641160816921894409

5355 Dirtsage the Cleaver (level 10, -6/90 HPs)
             Began as a Minotaur Fighter on Feb 20, 2023.
             Was an Elder of Okawaru.
             Mangled by a yak (12 damage)
             ... on level 9 of the Dungeon.
             The game lasted 00:18:24 (7947 turns).

Dirtsage the Cleaver (Minotaur Fighter)             Turns: 7947, Time: 00:18:25

Health: -6/90      AC: 14    Str: 21    XL:     10   Next: 38%
Magic:  13/13      EV:  6    Int:  7    God:    Okawaru [****..]
Gold:   595        SH:  5    Dex: 12    Spells: 9/9 levels left

rFire   . . .      SeeInvis .    a - +0 war axe
rCold   + . .      Faith    .    c - +0 buckler
rNeg    . . .      Spirit   .    J - +0 plate armour
rPois   +          Reflect  .    (helmet restricted)
rElec   .          Harm     .    m - +1 cloak
rCorr   .          Rampage  .    (no gloves)
Will    .....                    (no boots) Stlth
                                 (no amulet)
HPRegen 0.35/turn                P - ring of poison resistance
MPRegen 0.13/turn                I - ring of protection from cold

@: no status effects
A: horns 2, retaliatory headbutt
a: Renounce Religion, Heroism, Finesse


You were on level 9 of the Dungeon.
You worshipped Okawaru.
Okawaru was greatly pleased with you.
You visited 2 branches of the dungeon, and saw 10 of its levels.
You also visited: Ossuary.

You collected 604 gold pieces.
You spent 9 gold pieces at shops.

Inventory:

Hand Weapons
 a - a +0 war axe (weapon)
Missiles
 N - a throwing net (quivered)
Armour
 b - a +0 scale mail
 c - a +0 buckler (worn)
 m - a +1 cloak (worn)
 J - a +0 plate armour (worn)
Magical Staves
 f - a staff of death
Jewellery
 I - a ring of protection from cold (right hand)
 P - a ring of poison resistance (left hand)
Wands
 s - a wand of flame (9)
 y - a wand of polymorph (19)
 D - a wand of digging (9)
 O - a wand of iceblast (8)
Scrolls
 g - 3 scrolls of enchant weapon {unknown}
 i - 4 scrolls of fog {unknown}
 j - 3 scrolls of vulnerability {unknown}
 n - 2 scrolls of poison {unknown}
 o - a scroll of acquirement {unknown}
 p - 2 scrolls of blinking {unknown}
 u - 4 scrolls of immolation {unknown}
 v - a scroll of enchant armour {unknown}
 w - 4 scrolls of amnesia {unknown}
 A - 10 scrolls of identify {unknown}
 C - a scroll of butterflies {unknown}
 E - a scroll of noise {unknown}
 F - 5 scrolls of teleportation {unknown}
 G - 2 scrolls of silence {unknown}
 H - 3 scrolls of magic mapping {unknown}
 Q - a scroll of torment {unknown}
Potions
 d - 4 potions of might
 e - 2 potions of invisibility
 h - 6 potions of haste
 k - a potion of attraction {unknown}
 l - 2 potions of degeneration
 q - 8 potions of curing
 r - 5 potions of heal wounds {unknown}
 t - 2 potions of mutation {unknown}
 x - a potion of ambrosia {unknown}
 z - 4 potions of magic {unknown}
 B - 5 potions of cancellation {unknown}
 K - a potion of brilliance {unknown}
 L - a potion of flight {unknown}
 M - a potion of resistance {unknown}


   Skills:
 + Level 8.6 Fighting
 * Level 13.1 Axes
 + Level 4.4 Armour
 + Level 2.1 Dodging
 + Level 4.4 Shields
 + Level 5.6 Invocations
 - Level 5.0 Evocations


You had 9 spell levels left.
You didn't know any spells.
Your spell library contained the following spells:

 Spells                   Type           Power      Damage    Failure   Level
 Necrotise                Necr           0%         1d4       100%        1
 Ensorcelled Hibernation  Hex/Ice        0%         N/A       100%        2
 Passwall                 Tmut/Erth      0%         N/A       100%        2
 Kindle Blastsparks       Fire/Tloc/Air  0%         2d10      100%        3
 Swiftness                Air            0%         N/A       100%        3
 Vampiric Draining        Necr           0%         2d6       100%        3
 Vhi's Electric Charge    Tloc/Air       0%         N/A       100%        3
 Fulminant Prism          Conj/Hex       0%         3d5       100%        4
 Iskenderun's Mystic Bla  Conj/Tloc      0%         2d3       100%        4
 Agony                    Necr           0%         N/A       100%        5
 Arcjolt                  Conj/Air       0%         1d10      100%        5
 Lee's Rapid Deconstruct  Erth           0%         3d4*      100%        5
 Orb of Destruction       Conj           0%         9d5       100%        7
 Maxwell's Capacitive Co  Air            0%         ∞         100%        8
 Summon Guardian Golem    Hex/Summ       Unusable   N/A       N/A         3
 Spellforged Servitor     Conj/Summ      Unusable   N/A       N/A         7

Dungeon Overview and Level Annotations

Branches:
Dungeon (9/15)             Temple (1/1) D:5             Orc (0/2) D:9
Ossuary (visited)
   Lair: D:8-11

Altars:
Ashenzari
Cheibriados
Dithmenos
Elyvilon
Fedhas
Gozag
Hepliaklqana
Kikubaaqudgha
Makhleb
Nemelex Xobeh
Okawaru
Qazlal
Ru
Sif Muna
Trog
Uskayaw
Vehumet
Wu Jian
Xom
Yredelemnul
Zin
The Shining One

Shops:
D:7 :*


Innate Abilities, Weirdness & Mutations

You have a pair of horns on your head.
You reflexively headbutt those who attack you in melee.


Message History

The yak is heavily wounded.
You hit the yak but do no damage. You slash the yak! x2
You kill the yak!
Okawaru accepts your kill. The yak barely misses you. You furiously retaliate!
You headbutt the yak. The yak gores you.
* * * LOW HITPOINT WARNING * * *
The yak gores you.
* * * LOW HITPOINT WARNING * * *
Your Dodging skill increases to level 2!
You take 6 damage, and have 15/90 hp.
You hit the yak but do no damage. You headbutt the yak.
The yak is severely wounded.
You hit the yak but do no damage. You slash the yak! x2
The yak completely misses you. You furiously retaliate!
You headbutt the yak. The yak gores you but does no damage.
You block the yak's attack. x2
The orc wizard shouts!
You hit the yak. You headbutt the yak!
You kill the yak!
Okawaru accepts your kill.
You closely miss the yak. x2; You hit the yak.
You hear a howl! x2
The yak gores you.
* * * LOW HITPOINT WARNING * * *
You block the yak's attack. The yak gores you but does no damage.
You take 2 damage, and have 14/90 hp.
You slash the yak! You headbutt the yak!
The yak is almost dead.
You hit the yak. You hit the yak but do no damage. The yak barely misses you.
The yak gores you.
* * * LOW HITPOINT WARNING * * *
The yak gores you.
* * * LOW HITPOINT WARNING * * *
You take 3 damage, and have 11/90 hp.
You hit the yak.
The yak is almost dead.
You barely miss the yak. You slash the yak! The yak gores you.
* * * LOW HITPOINT WARNING * * *
The yak gores you but does no damage. The yak gores you!
You die...

### P. ########### ..#
~.. ..........# o.#≈~..
~~~~~~~≈~~#####≈≈....#..
≈≈≈≈≈≈≈≈≈≈≈≈≈≈≈≈~....#..
~~~~~≈~~≈~~~≈~~~~....#..
......Y†.......P.....#..
..(.o.Y@Y...............
....#######.............
. #.............
#.............
#...##'###....
#...#....###..
#...#......#..
#...#......#..
....#......#..


You could see 3 yaks and an orc wizard.

Vanquished Creatures
  A kobold demonologist (D:6)
  Sigmund (D:3)
  3 yaks (D:9)
  2 wyverns
  A water moccasin (D:7)
  4 wargs
  2 orc warriors (D:8)
  4 ogres
  A centaur (D:6)
  A phantom (D:6)
  6 bullfrogs
  3 kobold brigands
  A necrophage (D:5)
  A water moccasin zombie (Ossuary)
  2 scorpions
  A wight (D:6)
  9 killer bees
  A howler monkey (D:9)
  7 bullfrog zombies (Ossuary)
  2 centaur zombies (Ossuary)
  4 hounds
  5 jellies
  4 orc priests
  2 gnoll boudas (D:8)
  10 orc wizards
  Natasha (thrice) (D:3)
  3 iguanas
  12 mummies (Ossuary)
  A howler monkey zombie (Ossuary)
  11 gnolls
  4 adders
  2 shadow imps (D:7)
  3 white imps
  An ufetubus (D:7)
  A worm (D:4)
  4 dart slugs
  40 orcs
  5 ball pythons
  9 endoplasms
  5 giant cockroaches
  5 goblins
  7 hobgoblins
  4 jackals
  5 quokkas
  6 bats
  2 frilled lizards (D:3)
  16 kobolds
  3 rats
  A butterfly (D:5)
231 creatures vanquished.

Vanquished Creatures (others)
  7 plants (D:6)
  15 withered plants
22 creatures vanquished.

Grand Total: 253 creatures vanquished

Notes
Turn   | Place    | Note
-------+----------+-------------------------------------------
     0 | D:1      | Dirtsage the Minotaur Fighter began the quest for the Orb.
     0 | D:1      | Reached XP level 1. HP: 19/19 MP: 0/0
   166 | D:1      | Reached skill level 3 in Axes
   192 | D:1      | Reached XP level 2. HP: 24/26 MP: 1/1
   340 | D:1      | Reached skill level 4 in Axes
   687 | D:2      | Reached XP level 3. HP: 31/31 MP: 2/2
   801 | D:2      | Found a faded altar of an unknown god.
   850 | D:2      | Reached skill level 1 in Evocations
   850 | D:2      | Reached XP level 4. HP: 39/39 MP: 3/3
  1188 | D:3      | Reached skill level 5 in Axes
  1245 | D:3      | Found a white marble altar of Elyvilon.
  1500 | D:3      | Noticed a kobold brigand
  1504 | D:3      | Noticed a kobold brigand
  1510 | D:3      | Killed a kobold brigand
  1511 | D:3      | Reached skill level 6 in Axes
  1511 | D:3      | Reached XP level 5. HP: 23/45 MP: 4/4
  1524 | D:3      | Reached XP level 6. HP: 9/51 MP: 5/5
  1733 | D:3      | Noticed Sigmund
  1743 | D:3      | Killed Sigmund
  1744 | D:3      | Reached skill level 7 in Axes
  2114 | D:3      | Noticed Natasha
  2123 | D:3      | Killed Natasha
  2159 | D:3      | Noticed Natasha
  2163 | D:3      | Killed Natasha
  2164 | D:3      | Reached XP level 7. HP: 58/58 MP: 6/6
  2438 | D:3      | Noticed Natasha
  2446 | D:3      | Killed Natasha
  2514 | D:4      | Reached skill level 8 in Axes
  3356 | D:5      | Entered Level 5 of the Dungeon
  3377 | D:5      | Reached skill level 5 in Fighting
  3474 | D:5      | Reached skill level 9 in Axes
  3502 | D:5      | Found a staircase to the Ecumenical Temple.
  3511 | Temple   | Entered the Ecumenical Temple
  3614 | Temple   | Became a worshipper of Warmaster Okawaru
  3772 | D:5      | Reached XP level 8. HP: 65/68 MP: 7/7
  3958 | D:5      | Reached skill level 1 in Invocations
  4290 | D:6      | Reached * piety under Okawaru
  4564 | D:6      | Found a shimmering altar of Xom.
  4564 | D:6      | Found a glowing silver altar of Zin.
  4564 | D:6      | Noticed an angel
  4571 | D:6      | Reached skill level 10 in Axes
  4602 | D:6      | Noticed a kobold demonologist
  4611 | D:6      | Killed a kobold demonologist
  4654 | D:6      | Reached skill level 5 in Evocations
  4679 | D:6      | Reached XP level 9. HP: 78/78 MP: 10/10
  4740 | D:6      | Reached ** piety under Okawaru
  5088 | D:7      | Reached skill level 11 in Axes
  5178 | D:7      | Found Qahog's CLEARANCE SALE!.
  5189 | D:7      | Bought a potion of curing for 9 gold pieces
  5275 | D:7      | Found a sand-covered staircase.
  5335 | Ossuary  | Entered an ossuary
  5756 | D:7      | Reached skill level 12 in Axes
  5836 | D:7      | Found a stormy altar of Qazlal.
  6295 | D:7      | Found Ucaupp's Book Shoppe.
  6698 | D:8      | Reached *** piety under Okawaru
  6699 | D:8      | Reached skill level 5 in Invocations
  7166 | D:8      | Reached XP level 10. HP: 58/88 MP: 12/12
  7441 | D:9      | Found a staircase to the Orcish Mines.
  7645 | D:9      | Reached skill level 1 in Dodging
  7884 | D:9      | Identified the +7 spear "Jacvykitt" {freeze, Int+2 SInv}
  7939 | D:9      | Reached **** piety under Okawaru
  7940 | D:9      | Reached skill level 13 in Axes
  7947 | D:9      | Mangled by a yak

Illustrated notes

Levels and vault maps discovered:
D:1:      roderic_dead_forest, layout_rooms, eino_curves_01
D:2:      layout_loops_ring, ebering_ecumenical_altar_petrified
D:3:      cheibrodos_thug_alley, layout_loops_corners, elyvilon_altar_3,
          uniq_sigmund, uniq_natasha
D:4:      layout_basic, nicolae_concentric_dashed_squares_wild, minmay_quantized
D:5:      layout_basic, minmay_temple_entry_butterflies
D:6:      layout_rooms, grunt_temple_overflow_order_and_chaos_1, serial_bayou,
          serial_bayou_pond_d, serial_bayou_lagoon_a, serial_bayou_shore_b,
          serial_bayou_pond_b
D:7:      layout_loops_cross, lemuel_round_altar, serial_shops, shop,
          nicolae_ossuary_entry_false_entrances, nicolae_shop_clearance
D:8:      layout_gridville
D:9:      lemuel_castle_with_subvaults [lemuel_castle_interior_original],
          layout_irregular_city, erik_orc_4, uniq_joseph
Temple:   regret_index_temple_mists

Skill      XL: |  1  2  3  4  5  6  7  8  9 10 |
---------------+-------------------------------+-----
Axes           | 3 4 6 7 9 10 12 13 | 13.1
Evocations     | 1 2 3 4 5 |  5.0
Fighting       | 5 6 8 |  8.6
Invocations    | 3 5 |  5.6
Dodging        | 2 |  2.1
Armour         | 4 |  4.4
Shields        | 4 |  4.4

Action                     |  1- 3 |  4- 6 |  7- 9 | 10-12 || total
---------------------------+-------+-------+-------+-------++-------
  Melee: War axe           |    72 |   112 |   354 |    73 ||   611
         Headbutt          |     4 |    12 |    81 |    20 ||   117
  Evoke: Wand              |       |     2 |       |       ||     2
    Use: Potion            |       |       |     2 |       ||     2
 Armour: Scale mail        |    31 |    59 |    65 |       ||   155
         Plate armour      |       |       |    71 |    47 ||   118
  Dodge: Dodged            |    34 |    34 |    96 |    18 ||   182
  Block: Buckler           |    19 |    20 |    72 |    33 ||   144

Table legend: (Time is in decaauts)
 A = Elapsed time spent in this place.
 B = Non-inter-level travel time spent in this place.
 C = Inter-level travel time spent in this place.
 D = Time resting spent in this place.
 E = Time spent auto-exploring this place.
 F = Levels seen in this place.
 G = Mean time per level.
                   A        B        C        D        E       F      G
               +--------+--------+--------+--------+--------+-----+--------+
         Total |   8080 |   7871 |    209 |    208 |   6259 |  11 |  734.5 |
       Dungeon |   7492 |   7309 |    183 |    208 |   5883 |   9 |  832.4 |
        Temple |    163 |    137 |     26 |      0 |    110 |   1 |  163.0 |
       Ossuary |    425 |    425 |      0 |      0 |    265 |   1 |  425.0 |
               +--------+--------+--------+--------+--------+-----+--------+

Top non-repeatable levels by time:
     D:3: 1368 daAuts
     D:8: 1274 daAuts
     D:4: 857 daAuts
     D:7: 845 daAuts
     D:6: 839 daAuts
     D:5: 764 daAuts
     D:1: 669 daAuts
     D:2: 541 daAuts
 Ossuary: 425 daAuts
     D:9: 330 daAuts
  Temple: 163 daAuts
